 Dungeon Crawl Stone Soup version 0.28.0-45-g0d030f2227 (webtiles) character file.

Game seed: 11641014599490341435

638 101zpm the Chiller (level 7, -6/48 HPs)
             Began as a Vampire Ice Elementalist on Apr 12, 2022.
             Was a Priest of Jiyva.
             Mangled by Duvessa
             ... wielding a +0 short sword
              (8 damage)
             ... on level 5 of the Dungeon.
             The game lasted 00:25:55 (6663 turns).

101zpm the Chiller (Vampire Ice Elementalist)       Turns: 6663, Time: 00:25:57

Health: -6/48      AC:  4    Str:  7    XL:     7   Next: 25%
Magic:  10/13      EV: 13    Int: 20    God:    Jiyva [***...]
Gold:   199        SH:  0    Dex: 20    Spells: 10/15 levels left

rFire   . . .      SeeInvis +   F - +4 dagger
rCold   . . .      Faith    .   (no shield)
rNeg    . . .      Spirit   .   a - +0 robe
rPois   .          Reflect  .   (no helmet)
rElec   .          Harm     .   h - +0 cloak
rCorr   +          Rampage  .   (no gloves)
Will    .....                   n - +0 pair of boots
Stlth   +++.......              (no amulet)
HPRegen 1.48/turn               l - +6 ring of dexterity
MPRegen 0.48/turn               (no ring)

@: freezing walls, healing quickly
A: alive, fangs 3, see invisible, vampiric 2, sense surroundings 3, eyeballs 1
a: Exsanguinate, Renounce Religion, Oozemancy


You were on level 5 of the Dungeon.
You worshipped Jiyva.
Jiyva was most pleased with you.
You visited 1 branch of the dungeon, and saw 6 of its levels.
You also visited: Sewer.

You collected 199 gold pieces.

Inventory:

Hand Weapons
 m - a +2 dagger of venom
 F - a +4 dagger (weapon)
Missiles
 u - 119 stones
 x - 12 arrows
 C - 6 poisoned darts
 D - 21 sling bullets
Armour
 a - a +0 robe (worn)
 h - a +0 cloak (worn)
 i - the +3 ring mail "Cautuw" {rF+}
   (You found it on level 2 of the Dungeon)

   rF:        It protects you from fire.
 n - a +0 pair of boots (worn)
Jewellery
 l - a +6 ring of dexterity (left hand)
Wands
 k - a wand of iceblast (8)
Scrolls
 c - 2 scrolls of fear
 d - 6 scrolls of teleportation
 e - a scroll of holy word
 f - a scroll of fog {unknown}
 j - 2 scrolls of blinking {unknown}
 p - 3 scrolls of identify
 y - a scroll of summoning {unknown}
 B - a scroll of silence {unknown}
 E - a scroll of amnesia {unknown}
Potions
 b - 2 potions of haste {unknown}
 g - 2 potions of curing {unknown}
 o - 3 potions of might {unknown}
 q - a potion of heal wounds {unknown}
 r - 3 potions of brilliance {unknown}
 s - 2 potions of magic {unknown}
 t - 2 potions of mutation {unknown}
 v - a potion of degeneration {unknown}
 w - a potion of lignification {unknown}
 z - a potion of invisibility {unknown}
 A - 2 potions of flight {unknown}


   Skills:
 + Level 1.0 Fighting
 + Level 1.6 Short Blades
 + Level 0.4 Armour
 + Level 3.0 Dodging
 + Level 4.3 Stealth
 + Level 0.3 Unarmed Combat
 + Level 4.5 Spellcasting
 + Level 0.1 Conjurations
 + Level 6.4 Ice Magic


You had 10 spell levels left.
You knew the following spells:

 Your Spells              Type           Power      Damage    Failure   Level
a - Freeze                Ice            100%       1d11      1%          1
b - Frozen Ramparts       Ice            60%        1d8       2%          3
c - Foxfire               Conj/Fire      16%        2x1d4     12%         1

Your spell library contained the following spells:

 Spells                   Type           Power      Damage    Failure   Level
 Ozocubu's Armour         Ice            30%        N/A       2%          3
 Hailstorm                Conj/Ice       17%        3d6       32%         4
 Conjure Flame            Conj/Fire      4%         6-21      34%         3
 Inner Flame              Hex/Fire       4%         N/A       34%         3
 Gell's Gravitas          Tloc           4%         N/A       36%         3
 Portal Projectile        Hex/Tloc       8%         N/A       36%         3
 Teleport Other           Tloc           4%         N/A       36%         3
 Flame Wave               Conj/Fire      4%         2d5       75%         4
 Blade Hands              Tmut           2%         N/A       98%         5
 Excruciating Wounds      Necr           2%         N/A       98%         5
 Dispersal                Tloc           2%         N/A       100%        6


Dungeon Overview and Level Annotations

Branches:
Dungeon (6/15)              Sewer (visited)
 Temple: D:4-7

Altars:
Cheibriados
Kikubaaqudgha
Sif Muna
Wu Jian
Xom

Annotations:
D:4 Grinder
D:5 Duvessa


Innate Abilities, Weirdness & Mutations

Your natural rate of healing is accelerated.
You have razor-sharp teeth.
You have supernaturally acute eyesight. (SInv)
You are afflicted with vampirism and can become a bat while bloodless.
You passively map a large area around you.
Your body has grown eyes which may confuse attackers. (Acc +3)


Message History

You hear a shout! x2
You hear a shout!
You hear a shout!
Duvessa is nearby!
Casting: Frozen Ramparts (dangerous; 2% risk of failure)
Confirm with . or Enter, or press ? or * to list all spells.
Casting: Frozen Ramparts (dangerous; 2% risk of failure)
Press: ? - help, Dir - look around, f - activate The walls around you are covered in ice.
Duvessa resists.
The wall freezes Duvessa.
Duvessa resists.
The wall freezes Duvessa.
You barely miss Duvessa. Your bite misses Duvessa.
Duvessa is moderately wounded.
The wall freezes Duvessa but does no damage.
Duvessa hits you with a +0 short sword!
Aiming: Freeze (safe; 1% risk of failure)
Press: ? - help, Q - select action, (/) - cycle Shift-Dir - straight line, f - Duvessa
Aim: Duvessa, wielding a +0 short sword and wearing a +1 leather armour of cold resistance (moderately wounded, berserk)
You freeze Duvessa but do no damage.
Duvessa completely resists.
Duvessa resists.
The wall freezes Duvessa.
Duvessa hits you with a +0 short sword!
Duvessa resists.
The wall freezes Duvessa.
Duvessa hits you with a +0 short sword!
* * * LOW HITPOINT WARNING * * *
Aiming: Freeze (safe; 1% risk of failure)
Press: ? - help, Q - select action, (/) - cycle Shift-Dir - straight line, f/p - Duvessa
Aim: Duvessa, wielding a +0 short sword and wearing a +1 leather armour of cold resistance (moderately wounded, berserk)
You freeze Duvessa.
Duvessa resists.
Duvessa is heavily wounded.
Duvessa resists.
The wall freezes Duvessa.
Duvessa closely misses you.
Aiming: Freeze (safe; 1% risk of failure)
Press: ? - help, Q - select action, (/) - cycle Shift-Dir - straight line, f/p - Duvessa
Aim: Duvessa, wielding a +0 short sword and wearing a +1 leather armour of cold resistance (heavily wounded, berserk)
You freeze Duvessa.
Duvessa resists.
Duvessa is heavily wounded.
Duvessa resists.
The wall freezes Duvessa.
Duvessa hits you with a +0 short sword!
* * * LOW HITPOINT WARNING * * *
The wall freezes Duvessa but does no damage.
Duvessa hits you with a +0 short sword!
You die...

###
#####################.#.##
..#
#............>.........#.#
#.#
#.####.#####.########...##
#.# #.# #.# #.# ##.## ..#
#.# #.# #.### #.# ..# #.#
#.#####...# #.# ..# #.#
##>#.....#.# #.# ..#
#.###....###...# #.# ..#
#.....#..@....## #.# ..#
#####...e####.# #.# ..#
##.#.# #.# #.# ..# #.#.#
#.# #.# ..# ##### #.#.#
#.########.#
..####...####.#.#
#..........#
.....#.#......#<#
########.#####
.###.#.########.# #.......
.....#.# #.# #..####.


You could see Duvessa (berserk).

Vanquished Creatures
  Menkaure (D:6)
  A bullfrog (D:4)
  Dowan (D:5)
  A howler monkey (D:5)
  A bullfrog zombie (D:5)
  5 jellies
  A hound (D:5)
  6 adders
  2 river rats (Sewer)
  A worm (D:3)
  A dart slug (D:3)
  8 orcs
  4 bats
  10 endoplasms
  6 giant cockroaches
  13 goblins
  11 hobgoblins
  2 jackals (D:1)
  4 kobolds
  3 quokkas
  4 ball pythons
  6 frilled lizards
  7 rats
99 creatures vanquished.

Vanquished Creatures (others)
  A scorpion (D:5)
  A howler monkey (D:6)
  10 jellies
  A hound (D:6)
  A centaur skeleton (D:5)
  2 orc priests (D:5)
  4 orc wizards (D:5)
  An iguana (D:6)
  A hound zombie (D:5)
  A hound skeleton (D:5)
  A dart slug (D:5)
  5 orcs
  12 foxfires (D:6)
  13 plants (D:3)
54 creatures vanquished.

Grand Total: 153 creatures vanquished

Notes
Turn   | Place    | Note
-------+----------+-------------------------------------------
     0 | D:1      | 101zpm the Vampire Ice Elementalist began the quest for the
                  | Orb.
     0 | D:1      | Reached XP level 1. HP: 13/13 MP: 3/3
   406 | D:1      | Reached XP level 2. HP: 12/19 MP: 1/5
   655 | D:2      | Gained mutation: You are afflicted with vampirism and can
                  | become a bat while bloodless. [Vampire growth]
   655 | D:2      | Reached XP level 3. HP: 13/25 MP: 0/6
   792 | D:2      | Found an ornate altar of the Wu Jian Council.
  1088 | D:2      | Identified the +3 ring mail "Cautuw" {rF+}
  1422 | D:3      | Reached skill level 5 in Ice Magic
  1430 | D:3      | Reached XP level 4. HP: 31/31 MP: 3/7
  1574 | D:3      | Found a snail-covered altar of Cheibriados.
  1653 | D:3      | You fall into a shaft and drop 3 floors!
  1660 | D:5      | Entered Level 5 of the Dungeon
  1670 | D:5      | Noticed Duvessa
  1670 | D:5      | Noticed Dowan
  1913 | D:3      | Found a glowing drain.
  1917 | Sewer    | Entered a sewer
  2066 | Sewer    | Learned a level 3 spell: Frozen Ramparts
  2713 | Sewer    | Reached XP level 5. HP: 15/36 MP: 1/9
  3143 | Sewer    | Found a viscous altar of Jiyva.
  3391 | Sewer    | Became a worshipper of Jiyva Jipsoeca the Shapeless
  3497 | D:3      | Reached XP level 6. HP: 42/42 MP: 7/11
  3658 | D:3      | Found a faded altar of an unknown god.
  4089 | D:1      | Reached * piety under Jiyva
  4773 | D:4      | Reached ** piety under Jiyva
  4856 | D:4      | Found an ancient bone altar of Kikubaaqudgha.
  5321 | D:5      | Killed Dowan
  5322 | D:5      | Reached skill level 1 in Short Blades
  5322 | D:5      | Reached skill level 6 in Ice Magic
  5370 | D:5      | Reached skill level 1 in Fighting
  5373 | D:5      | Noticed Grinder
  5755 | D:5      | Reached XP level 7. HP: 42/48 MP: 13/13
  5874 | D:6      | Noticed Menkaure
  5877 | D:6      | Learned a level 1 spell: Foxfire
  5884 | D:6      | Killed Menkaure
  6351 | D:5      | Found a shimmering altar of Xom.
  6352 | D:5      | Found a shimmering altar of Xom.
  6353 | D:5      | Found a shimmering altar of Xom.
  6353 | D:5      | Found a shimmering altar of Xom.
  6361 | D:5      | Reached *** piety under Jiyva
  6549 | D:5      | Found a shimmering blue altar of Sif Muna.
  6577 | D:5      | Gained mutation: You passively map a small area around you.
                  | [Jiyva's grace]
  6577 | D:5      | Gained mutation: You passively map the area around you.
                  | [Jiyva's grace]
  6577 | D:5      | Gained mutation: You passively map a large area around you.
                  | [Jiyva's grace]
  6577 | D:5      | Gained mutation: Your body has grown eyes which may confuse
                  | attackers. (Acc +3) [Jiyva's grace]
  6663 | D:5      | HP: 2/48 [Duvessa/+0 short sword (14)]
  6663 | D:5      | Mangled by Duvessa

Illustrated notes

Levels and vault maps discovered:
D:1:      amcnicky_arrival_feature_with_door, layout_basic
D:2:      layout_basic, basic_altar
D:3:      cheibrodos_greedy_goblins, layout_rooms, lemuel_round_altar,
          dilly_ecumenical_altar_fadedgnrine, gup_sewer_entry_bowl,
          kennysheep_boxes
D:4:      layout_loops_cross, nicolae_kikubaaqudgha_miasma_corner
D:5:      minmay_general_purpose_star, layout_loops_ring, lemuel_doored_altar,
          xom_redecorated, uniq_grinder, uniq_duvessa
D:6:      layout_gridville, uniq_maggie, uniq_menkaure

Skill      XL: |  1  2  3  4  5  6 |
---------------+-------------------+-----
Ice Magic      | 5 6 |  6.4
Spellcasting   | 3 4 |  4.5
Short Blades   | 1 |  1.6
Stealth        | 4 |  4.3
Fighting       | 1 |  1.0
Dodging        | 3 |  3.0
Armour         | |  0.4
Unarmed Combat | |  0.3
Conjurations   | |  0.1

Action                   |  1- 3 |  4- 6 |  7- 9 || total
-------------------------+-------+-------+-------++-------
Melee: Unarmed           |    19 |     8 |       ||    27
       Bite              |     4 |    10 |     1 ||    15
       Dagger            |       |    91 |    15 ||   106
 Cast: Freeze            |    43 |    30 |     5 ||    78
       Frozen Ramparts   |       |    26 |     6 ||    32
       Foxfire           |       |       |     7 ||     7
  Use: Scroll            |     3 |     1 |       ||     4
 Stab: Sleeping          |     1 |     3 |       ||     4
       Distracted        |       |     2 |       ||     2
Armor: Robe              |     6 |    23 |     3 ||    32
       Ring mail         |       |     5 |       ||     5
Dodge: Dodged            |    27 |    72 |    10 ||   109
